cohdb
Replays
Latest Replays
All Replays
Popular Replays
Top Player Replays
Match Explorer
How It Works
Community
CoH3 Stats
Reddit
Sign in to upload your games and track your stats! →
Sign in with Steam
Match 38904864
Unlisted
Match 38904864
Overview
Messages
Build Orders
End
Construct Barracks
Engineer Squad
Selects Armored Battlegroup
Selects Assault Engineers
Riflemen Squad
Riflemen Squad
Grenade Package
Construct Medical Station
Construct Weapon Support Center
Air Support Center
P-47 Strafing Run
M3 Armored Personnel Carrier
M1918 Browning Automatic Rifles
Riflemen Squad
M1919 Machine Gun Team
Selects Strength in Steel
Construct Motor Pool
P-47 Strafing Run
LEDGEZEN
nathan.vm
UH|dun! ツ
UH|ck
0
0
Comments
sign in to comment!
No comments posted yet!